Workbook

Sheet Correction
A1: CORRECTION
A2: Il y a des comptes qui se dispatchent sur plusieurs phases (frais d'achat, frais de production et frais de distribution).
C7: Frais d'achat | E7: Frais prod | G7: Frais distrib
A8: 615 | B8: 1079500 | C8: 0.1 | D8: =C8*B13 -> 256190 | E8: 622 | F8: 141420 | G8: 64113 | H8: 642402 | J8: Appointements = rémunération des cadres
A9: 624 | B9: 540700 | C9: 64110 | D9: 437500 | E9: 64111 | F9: 1908200 | G9: 64513 | H9: 257600 | J9: Dotations aux provisions : que des créances de l'année précédente ==> pas de rapport avec cette année
A10: 6351 | B10: 285100 | C10: 64510 | D10: 234700 | E10: 64112 | F10: 486200 | G10: 0.2 | H10: =B13*G10 -> 512380 | J10: On "oublie" les trucs VMP
A11: 661 | B11: 281000 | E11: 64511 | F11: 1012600 | G11: rémunération de capitaux | H11: 9000
A12: 6811 | B12: 375600 | E12: 64512 | F12: 251900
A13: T = | B13: =SUM(B8:B12) -> 2561900 | E13: 0.7 | F13: =E13*B13 -> 1793330
C14: Total | D14: =SUM(D8:D10) -> 928390 | E14: Total | F14: =SUM(F8:F13) -> 5593650 | G14: Total | H14: =SUM(H8:H13) -> 1421382
F16: tout rentre dans le calcul du coût de revient car tout a été vendu (<=> pas de stock)
A18: Coût d'achat des matières premières = (Prix d'achat + frais d'achat | F18: Coût de production des Produits finis 1 (selon heures de travail) | K18: Coût de production des Produits finis 2 (selon quantités)
B20: Prix d'achat | C20: 3265610 | H20: P1 | I20: P2 | M20: P1 | N20: P2
A21: + | B21: Frais d'achat | C21: =D14 -> 928390 | F21: Coût Mat Pre utilisées | H21: =46000*C24 -> 1380000 | I21: =93800*C24 -> 2814000 | K21: Coût Mat Pre utilisées | M21: =46000*Feuil3!C24 -> 0 | N21: =93800*Feuil3!C24 -> 0
B22: Coût global | C22: =C21+C20 -> 4194000 | F22: Frais de production | H22: =F14*30300/90900 -> 1864550 | I22: =F14*60600/90900 -> 3729100 | K22: Frais de production | M22: =Feuil3!F14*25500/255000 -> 0 | N22: =Feuil3!F14*229500/255000 -> 0
A23: / | B23: qté achetée | C23: 139800 | F23: Coût de production global | H23: =H21+H22 -> 3244550 | I23: =I21+I22 -> 6543100 | K23: Coût de production global | M23: =M21+M22 -> 0 | N23: =N21+N22 -> 0
B24: Coût unitaire | C24: =C22/C23 -> 30 | D24: €/kg
F25: Coût de revient de Produits Finis 1 | K25: Coût de revient de Produits Finis 2
F26: Coût de prod des PF vendus | H26: =H23 -> 3244550 | I26: =I23 -> 6543100 | K26: Coût de prod des PF vendus | M26: =M23 -> 0 | N26: =N23 -> 0
F27: Frais de distribution | H27: =H14*1/3 -> 473794 | I27: =H14*2/3 -> 947588 | K27: Frais de distribution | M27: =Feuil3!H14*1/3 -> 0 | N27: =Feuil3!H14*2/3 -> 0
F28: Coût de revient global | H28: =H26+H27 -> 3718344 | I28: =I26+I27 -> 7490688 | K28: Coût de revient global | M28: =M26+M27 -> 0 | N28: =N26+N27 -> 0
F30: Résultat | K30: Résultat
F31: CA | H31: =25500*140 -> 3570000 | I31: =229500*35 -> 8032500 | K31: CA | M31: =25500*140 -> 3570000 | N31: =229500*35 -> 8032500
F32: coût de revient | H32: =H28 -> 3718344 | I32: =I28 -> 7490688 | K32: coût de revient | M32: =M28 -> 0 | N32: =N28 -> 0
F33: Résultat global | H33: =H31-H32 -> -148344 | I33: =I31-I32 -> 541812 | K33: Résultat global | M33: =M31-M32 -> 3570000 | N33: =N31-N32 -> 8032500
F35: P1 : négatif, pas bon, me fait perdre de l'argent | K35: P2 : boulet
F36: P2 : bien | K36: A mort produit P2, vive produit P1
F37: Vive P2, abat P1 !
F39: Comment avoir la bonne méthode ? Changement de méthode ==> changement de produit
F41: ex : créances,… j'ai pris le droit de ne pas intégré ce frais dans le calcul de mes coûts
F42: ex : ajout 9000 € ==> rémunération des Capitaux Propres => Augmentation de capital futur ? => attirer actionnaires => augmenter capital
F44: Calcul chaque mois et comparer. Ne pas changer de méthode en cours de route => pas de comparaison possible
F45: Comprendre les causes. Pourquoi le coût a augmenté ? , …
F46: Causes : personne responsable, mais aussi conditions de travail, procédures connues ?, …
F47: Si diminution du coût : pareil => trouver conditions pour les reproduire le mois suivant

Sheet Feuil1
B3: P1 | C3: P2
A4: Phase approvisionnement
A5: Quantité acheté | B5: 46000 | C5: 93800
A6: Prix achat | B6: =B8*E48/B5 -> 23.663841 | C6: =C8*3265610/C5 -> 23.209737
A7: H travail/produit | B7: =30300/25500 -> 1.1882353 | C7: =60600/229500 -> 0.26405229 | E7: Heures totales | F7: =30300+60600 -> 90900
A8: % utilisé par produit | B8: =30300/F7 -> 0.33333333 | C8: =60600/F7 -> 0.66666667
A9: Achats Mat Premières | B9: =E48*B8 -> 1088536.7 | C9: =E48*C8 -> 2177073.3 | E9: =B9+C9 -> 3265610
A11: Entretien, réparations | B11: =10%*B8*E11 -> 35983.333 | C11: =10%*C8*E11 -> 71966.667 | E11: 1079500
A12: Transport | B12: =10%*B8*E12 -> 18023.333 | C12: =10%*C8*E12 -> 36046.667 | E12: 540700
A13: Impôts | B13: =10%*E13*B8 -> 9503.3333 | C13: =10%*E13*C8 -> 19006.667 | E13: 285100
A14: Charges d'intérêts | B14: =10%*B8*$E$14 -> 9366.6667 | C14: =10%*C8*$E$14 -> 18733.333 | E14: 281000
A15: Dotations aux amortissement | B15: =10%*B8*$E$15 -> 12520 | C15: =10%*C8*$E$15 -> 25040 | E15: 375600
A16: Salaires directs d'approvisionnement | B16: =E16*B8 -> 145833.33 | C16: =E16*C8 -> 291666.67 | E16: 437500
A17: Charges sur salaires directs approv | B17: =E17*$B$8 -> 78233.333 | C17: =E17*$C$8 -> 156466.67 | E17: 234700
A18: Coût de revient | B18: =SUM(B11:B17) -> 309463.33 | C18: =SUM(C11:C17) -> 618926.67
A19: Coût de revient/unité | B19: =B18/B5 -> 6.7274638 | C19: =C18/C5 -> 6.5983653
A22: Phase production
A23: =A8 -> % utilisé par produit | B23: =B8 -> 0.33333333 | C23: =C8 -> 0.66666667 | E23: 0.7
A24: Entretien, réparations | B24: =E23*B23*E24 -> 251883.33 | C24: =E23*C23*E24 -> 503766.67 | E24: 1079500
A25: Transport | B25: =E23*B23*E25 -> 126163.33 | C25: =E23*C23*E25 -> 252326.67 | E25: 540700
A26: Impôts | B26: =E23*E26*B23 -> 66523.333 | C26: =E23*E26*C23 -> 133046.67 | E26: 285100
A27: Charges d'intérêts | B27: =E23*B23*$E$14 -> 65566.667 | C27: =E23*C23*$E$14 -> 131133.33 | E27: 281000
A28: Dotations aux amortissement | B28: =E23*B23*$E$15 -> 87640 | C28: =E23*C23*$E$15 -> 175280 | E28: 375600
A34: Phase distribution
A35: =A23 -> % utilisé par produit | B35: =B23 -> 0.33333333 | C35: =C23 -> 0.66666667 | E35: 0.2
A36: Entretien, réparations | B36: =E35*B35*E36 -> 71966.667 | C36: =E35*C35*E36 -> 143933.33 | E36: 1079500
A37: Transport | B37: =E35*B35*E37 -> 36046.667 | C37: =E35*C35*E37 -> 72093.333 | E37: 540700
A38: Impôts | B38: =E35*E38*B35 -> 19006.667 | C38: =E35*E38*C35 -> 38013.333 | E38: 285100
A39: Charges d'intérêts | B39: =E35*B35*$E$14 -> 18733.333 | C39: =E35*C35*$E$14 -> 37466.667 | E39: 281000
A40: Dotations aux amortissement | B40: =E35*B35*$E$15 -> 25040 | C40: =E35*C35*$E$15 -> 50080 | E40: 375600
A41: Honoraires | B41: =E$35*B$35*E41 -> 9428 | C41: =C35*E35*E41 -> 18856 | E41: 141420
E48: 3265610
A49: Quantité vendue | B49: 25500 | C49: 229500 | E49: 1079500
A50: Prix de vente | B50: 140 | C50: 35 | E50: 141420
A51: CA | B51: =B50*B49 -> 3570000 | C51: =C50*C49 -> 8032500 | E51: =B51+C51 -> 11602500

Sheet Feuil3
